 Dungeon Crawl Stone Soup version 0.30-a0-840-ga523dec638 (webtiles) character file.

Game seed: 6421129327301998513

3985110 Valamore the Slayer (level 25, 260/260 HPs)
             Began as an Armataur Fighter on Mar 1, 2023.
             Was a High Priest of Okawaru.
             Escaped with the Orb
             ... and 5 runes!
             The game lasted 01:26:23 (49927 turns).

Valamore the Slayer (Armataur Fighter)             Turns: 49927, Time: 01:26:23

Health: 260/260    AC: 52    Str: 43    XL:     25   Next: 7%
Magic:  41/41      EV:  8    Int: 13    God:    Okawaru [*****.]
Gold:   3933       SH: 20    Dex: 12    Spells: 24/24 levels left

rFire   + + +      SeeInvis +    T - +9 eveningstar (heavy)
rCold   + . .      Faith    .    k - +5 kite shield {rPois}
rNeg    + . .      Spirit   .    l - +10 plate armour of Udompibi {rElec MP+9 Dex+2}
rPois   +          Reflect  .    Q - +2 helmet {SInv}
rElec   +          Harm     .    y - +2 cloak {Will+}
rCorr   +          Roll     +    D - +2 pair of gloves {Str+3}
Will    +++..                    M - +2 barding of Faph {+Blink rF++ Regen+ Int+3} Stlth
                                 X - amulet "Efaruk" {rElec rF+ Regen+ Str+4}
HPRegen 2.23/turn                I - ring of Issuipn {rN+ Will+ Str+6}
MPRegen 0.27/turn                N - ring of Sif Muna's Hope {rF++ rC+ rCorr}

@: studying Short Blades
A: large, rugged brown scales 3, deformed body, armoured tail, roll, long
tongue, awkward tongue, iridescent scales 1, weak 1, heat vulnerability 1,
MP-powered wands, noise suppression
0: Orb of Zot
}: 5/15 runes: serpentine, barnacled, slimy, silver, abyssal
a: Renounce Religion, Evoke Blink, Heroism, Finesse, Duel


You escaped.
You worshipped Okawaru.
Okawaru was extremely pleased with you.
You visited 10 branches of the dungeon, and saw 52 of its levels.
You visited the Abyss 1 time.
You visited 2 bazaars.
You visited 1 ziggurat, and saw 1 of its levels.
You also visited: Ossuary, Bailey, Gauntlet and Ice Cave.

You collected 7854 gold pieces.
You spent 3921 gold pieces at shops.

Inventory:

Hand Weapons
 T - a +9 heavy eveningstar (weapon)
Missiles
 d - 5 throwing nets
 e - 4 curare-tipped darts
 f - 26 boomerangs
 E - 20 silver javelins (quivered)
 U - 12 javelins
 W - 4 silver boomerangs
Armour
 b - the +0 cloak of Koxyokh {rF- rC+++ Str-3 Int+3}
   (You found it in a Gauntlet)

   Str:       It affects your strength (-3).
   Int:       It affects your intelligence (+3).
   rF:        It makes you vulnerable to fire.
   rC:        It renders you almost immune to cold.
 k - a +5 kite shield of poison resistance (worn)
 l - the +10 plate armour of Udompibi (worn) {rElec MP+9 Dex+2}
   (Okawaru gifted it to you on level 1 of the Elven Halls)

   Dex:       It affects your dexterity (+2).
   rElec:     It insulates you from electricity.
   MP:        It affects your magic capacity (+9).
 y - a +2 cloak of willpower (worn)
 D - a +2 pair of gloves of strength (worn)
 J - a +0 helmet of intelligence
 M - the +2 barding of Faph (worn) {+Blink rF++ Regen+ Int+3}
   (Okawaru gifted it to you on level 4 of the Lair of Beasts)

   Int:       It affects your intelligence (+3).
   rF:        It greatly protects you from fire.
   +Blink:    It lets you blink.
   Regen:     It increases your rate of health regeneration.
 Q - a +2 helmet of see invisible (worn)
Jewellery
 u - a ring of flight
 A - the ring "Goviexuq" {rElec rC+}
   (You found it on level 4 of the Vaults)

   [ring of protection from cold]

   rC:        It protects you from cold.
   rElec:     It insulates you from electricity.
 F - a ring of willpower
 I - the ring of Issuipn (left hand) {rN+ Will+ Str+6}
   (You found it on level 3 of the Snake Pit)

   [ring of strength]

   Str:       It affects your strength (+6).
   rN:        It protects you from negative energy.
   Will:      It increases your willpower.
 N - the ring of Sif Muna's Hope (right hand) {rF++ rC+ rCorr}
   (You acquired it on level 12 of the Dungeon)

   [ring of protection from cold]

   rF:        It greatly protects you from fire.
   rC:        It protects you from cold.
   rCorr:     It protects you from acid and corrosion.
 X - the amulet "Efaruk" (around neck) {rElec rF+ Regen+ Str+4}
   (You found it in a Gauntlet)

   [amulet of regeneration]

   Str:       It affects your strength (+4).
   rF:        It protects you from fire.
   rElec:     It insulates you from electricity.
   Regen:     It increases your rate of health regeneration.
Wands
 a - a wand of roots (31)
 v - a wand of digging (12)
 R - a wand of polymorph (33)
 S - a wand of mindburst (27)
 Z - a wand of acid (29)
Scrolls
 t - 39 scrolls of teleportation
 z - 8 scrolls of blinking
 B - 11 scrolls of fog
 C - 6 scrolls of silence
 H - 12 scrolls of vulnerability
 K - 8 scrolls of enchant armour
 L - 5 scrolls of magic mapping
 O - 5 scrolls of fear
 P - 9 scrolls of immolation
Potions
 g - 10 potions of magic
 h - 8 potions of haste
 i - a potion of mutation
 j - 3 potions of ambrosia
 m - 9 potions of might
 n - 6 potions of cancellation
 o - 10 potions of lignification
 p - 6 potions of flight
 q - 15 potions of attraction
 r - 6 potions of resistance
 s - 7 potions of berserk rage
 w - 13 potions of heal wounds
 G - 4 potions of invisibility
 V - 25 potions of curing
Miscellaneous
 c - a condenser vane
 x - a tin of tremorstones (2/2)
 Y - a phial of floods


   Skills:
 + Level 23.2 Fighting
 - Level 16.0 Maces & Flails
 * Level 13.5 Throwing
 - Level 22.4 Armour
 - Level 9.0 Dodging
 - Level 21.0 Shields
 - Level 12.0 Invocations
 - Level 12.0 Evocations


You had 24 spell levels left.
You didn't know any spells.
Your spell library contained the following spells:

 Spells                   Type           Power      Damage    Failure   Level
 Apportation              Tloc           0%         N/A       67%         1
 Beastly Appendage        Tmut           0%         N/A       67%         1
 Magic Dart               Conj           0%         1d3       67%         1
 Shock                    Conj/Air       0%         1d3       67%         1
 Sting                    Tmut/Pois      0%         1d3       67%         1
 Lesser Beckoning         Tloc           0%         N/A       82%         2
 Poisonous Vapours        Pois/Air       0%         N/A       82%         2
 Wereblood                Tmut           0%         N/A       82%         2
 Dazzling Flash           Conj/Hex       0%         N/A       96%         3
 Gell's Gravitas          Tloc           0%         N/A       96%         3
 Ignite Poison            Fire/Tmut/Pois 0%         N/A       96%         3
 Inner Flame              Hex/Fire       0%         N/A       96%         3
 Kindle Blastsparks       Fire/Tloc/Air  0%         2d10      96%         3
 Mephitic Cloud           Conj/Pois/Air  0%         N/A       96%         3
 Ozocubu's Armour         Ice            0%         N/A       96%         3
 Portal Projectile        Hex/Tloc       0%         N/A       96%         3
 Spider Form              Tmut/Pois      0%         N/A       96%         3
 Swiftness                Air            0%         N/A       96%         3
 Teleport Other           Tloc           0%         N/A       96%         3
 Vampiric Draining        Necr           0%         2d6       96%         3
 Airstrike                Air            0%         2d(0-16)  100%        4
 Cause Fear               Hex            0%         N/A       100%        4
 Fulminant Prism          Conj/Hex       0%         3d5       100%        4
 Iskenderun's Mystic Bla  Conj/Tloc      0%         2d3       100%        4
 Leda's Liquefaction      Hex/Erth       0%         N/A       100%        4
 Olgreb's Toxic Radiance  Pois           0%         N/A       100%        4
 Passage of Golubria      Tloc           0%         N/A       100%        4
 Sticky Flame             Conj/Fire      0%         2d3       100%        4
 Agony                    Necr           0%         N/A       100%        5
 Alistair's Intoxication  Tmut/Pois      0%         N/A       100%        5
 Blade Hands              Tmut           0%         N/A       100%        5
 Borgnjor's Vile Clutch   Necr/Erth      0%         N/A       100%        5
 Fireball                 Conj/Fire      0%         3d3       100%        5
 Irradiate                Conj/Tmut      0%         3d11      100%        5
 Iskenderun's Battlesphe  Conj           0%         2d6       100%        5
 Lee's Rapid Deconstruct  Erth           0%         3d4*      100%        5
 Lightning Bolt           Conj/Air       0%         1d11      100%        5
 Silence                  Hex/Air        0%         N/A       100%        5
 Yara's Violent Unravell  Hex/Tmut       0%         3d3       100%        5
 Conjure Ball Lightning   Conj/Air       0%         3x3d6     100%        6
 Eringya's Noxious Bog    Tmut/Pois      0%         N/A       100%        6
 Statue Form              Tmut/Erth      0%         N/A       100%        6
 Dragon Form              Tmut           0%         N/A       100%        7
 Enfeeble                 Hex            0%         N/A       100%        7
 Orb of Destruction       Conj           0%         9d5       100%        7
 Ozocubu's Refrigeration  Ice            0%         4d7       100%        7
 Discord                  Hex            0%         N/A       100%        8
 Ignition                 Fire           0%         3d3       100%        8
 Lehudib's Crystal Spear  Conj/Erth      0%         10d2      100%        8
 Call Imp                 Summ           Unusable   N/A       N/A         2
 Call Canine Familiar     Summ           Unusable   N/A       N/A         3
 Animate Dead             Necr           Unusable   N/A       N/A         4
 Summon Lightning Spire   Summ/Air       Unusable   N/A       N/A         4
 Summon Forest            Summ/Tloc      Unusable   N/A       N/A         5
 Malign Gateway           Summ/Tloc      Unusable   N/A       N/A         7
 Monstrous Menagerie      Summ           Unusable   N/A       N/A         7
 Summon Hydra             Summ           Unusable   N/A       N/A         7

Dungeon Overview and Level Annotations

Branches:
Dungeon (15/15)            Temple (0/1) D:6            Lair (5/5) D:10
 Shoals (4/4) Lair:2        Snake (4/4) Lair:3        Slime (5/5) Lair:5
    Orc (2/2) D:10            Elf (3/3) Orc:2        Vaults (5/5) D:13
  Crypt (0/3) Vaults:3     Depths (4/4) D:15            Zot (5/5) Depths:4
Ossuary (visited)          Bailey (visited)           IceCv (visited)
Gauntlet (visited)

Altars:
Ashenzari
Dithmenos
Gozag
Hepliaklqana
Kikubaaqudgha
Okawaru
Ru
Trog
Wu Jian
Xom
Zin
The Shining One
Jiyva

Shops:
D:12 ?   Orc:2 (![((   Elf:1 *   Shoals:1 *   Shoals:2 [   Snake:1 [*
Vaults:1 (   Vaults:3 [   Vaults:4 =   Depths:1 *   Depths:3 (*[[

Portals:
Hell: Depths:1 Depths:2 Depths:3 Depths:4
Abyss: Depths:1 Depths:3
Pandemonium: Depths:2
Trove: D:12 (give +6 demon blade)

Annotations:
D:3 exclusion: 2 goblins
D:10 exclusion: ice statue
Lair:3 2 transporters, porpoise's ghost, journeyman GnEn
Shoals:3 1 runed translucent door, Ceuduph's ghost, adept AtWn
Elf:2 5 runed translucent doors
Zot:1 8 runed translucent doors
Zot:5 Boris


Innate Abilities, Weirdness & Mutations

You are completely covered in rugged brown scales. (AC +3, +7% HP)
Armour fits poorly on your strangely shaped body.
You have a long armoured tail.
You roll when moving toward enemies. (Rampage)
Your long tongue fully drains potion bottles. (2x potion effects)
Your tongue gives you trouble enunciating. (1.5x scroll delay)
You are partially covered in iridescent scales. (AC +2)
You are weak. (Str -2)
You are vulnerable to heat. (rF-)
You expend magic power (3 MP) to strengthen your wands.
You passively dampen the noise of your surroundings.


Message History

You kill the Orb Guardian!
Okawaru accepts your kill.
Your life force feels restored.
No target in view!
(D) Dungeon (T) Temple (L) Lair (A) Shoals (P) Snake Pit (M) Slime Pits (O) Orcish Mines (E) Elven Halls (V) Vaults (C) Crypt (U) Depths (H) Hell (Z) Zot
Where to? (Enter - D:1 @ (x,y), ? - help)
What level of the Dungeon? (default 1, ? - help)
There is a stone staircase leading up here.
You climb upwards.
Level annotation: exclusion: 2 goblins
There is a stone staircase leading down here.
You see here a +0 ring mail.
You see here 5 stones.
HP restored.
There is a stone staircase leading up here.
You climb upwards.
There is a stone staircase leading down here.
There is a stone staircase leading up here.
You climb upwards.
There is a stone staircase leading down here.
You enter the shallow water.
An Executioner comes into view.
You roll towards the Executioner!
There is a staircase leading out of the dungeon here.
You barely miss the Executioner.
The Executioner hits you but does no damage. x2
You block the Executioner's attack.
The Executioner hits you but does no damage. x3
You thump the Executioner! You tail-slap the Executioner!
The Executioner is heavily wounded.
The Executioner gestures.
The Executioner seems to speed up.
You block the Executioner's attack.
The Executioner hits you but does no damage.
You block the Executioner's attack.
You perforate the Executioner like a sieve!!!
You kill the Executioner!
Okawaru accepts your kill.
No target in view!
No target in view!
You have escaped!

.##.##.### #.#.#.# #.# #########.
.##.##...#######.#######.........
.##.###....####...####.......###.
.##.# ##.....#..~..#.....#.......
.##.####8..~....~....~..8###.####
.......##...~..~~~..~...## #.# #
.#####.#.....~~~~~~~.....###.# #
.#####.....~~~~...~~~~....##.## #
.........~~~~~..@..~~~~~..##..# #
.....#^....~~~~...~~~~....###.# #
####.#.#.....~~~~~~~.....## #.# #
#.#.##...~..~~~..~...## #.# #
#.#.#8..~....~....~..8####.###
##...#.....#..~..#.....#...#...
#........####...####....###.###
##......#### ##.## ###..# #....
##..........###..# #### #..##


There were no monsters in sight!

Vanquished Creatures
  the Royal Jelly (Slime:5)
  2 dread liches (Vaults:5)
  An orb of fire (Zot:1)
  Mara (Snake:4)
  An ancient lich (Vaults:3)
  Mennas (Vaults:2)
  Josephina (Depths:2)
  Vv (Depths:3)
  Boris (Depths:4)
  Bai Suzhen (Depths:2)
  8 Killer Klowns (Zot:1)
  Margery (Depths:3)
  Frederick (Vaults:2)
  Vashnia (Snake:4)
  Saint Roka (Elf:3)
  Nikola (Depths:2)
  7 golden dragons
  Jory (Depths:3)
  2 Tzitzimimeh
  An electric golem (Zot:1)
  11 tentacled monstrosities
  2 Orb Guardians
  2 titans (Vaults:5)
  2 deep elf master archers (Elf:3)
  4 liches
  Asterion (Vaults:1)
  2 deep elf blademasters (Elf:3)
  5 quicksilver dragons
  The ghost of Rudyous the Warrior, an adept MiFi of Gozag (Snake:3)
  14 acid blobs
  Polyphemus (Shoals:4)
  2 eldritch tentacles (Abyss:4)
  An Executioner (D:1)
  4 death cobs
  6 sphinxes
  A tentacled starspawn (Abyss:4)
  5 tengu reavers
  7 storm dragons
  4 draconian monks
  5 shadow dragons
  4 nagarajas
  4 rockslimes
  The ghost of Airmonger the Severer, a journeyman HOFi of Makhleb (Orc:2)
  14 fire giants
  7 azure jellies (Slime:5)
  2 draconian scorchers
  14 frost giants
  14 vault wardens
  Louise (Snake:4)
  4 deep elf sorcerers
  4 ghost moths
  Aizul (Snake:4)
  3 draconian knights
  A caustic shrike zombie (Depths:3)
  An iron dragon (Vaults:5)
  2 orc warlords
  4 draconian shifters
  A juggernaut zombie (Depths:3)
  2 deep elf elementalists (Elf:3)
  3 draconian annihilators
  A balrug (Depths:4)
  A demonspawn corrupter (D:4)
  3 war gargoyles
  19 very ugly things
  11 ironbound thunderhulks
  15 stone giants
  15 ironbound preservers
  7 quicksilver oozes
  5 green draconians
  6 vampire knights
  5 red draconians
  3 deep elf annihilators (Elf:3)
  3 deep elf demonologists
  8 yellow draconians
  4 black draconians
  7 dire elephants
  3 purple draconians
  5 white draconians
  11 eidola (Depths:3)
  7 merfolk javelineers
  A minotaur (Gauntlet)
  9 ettins
  3 crystal guardians
  9 deep elf death magi
  3 entropy weavers
  12 fire dragons
  6 merfolk impalers
  11 yaktaur captains
  5 rakshasas
  5 deep elf high priests
  8 great orbs of eyes
  10 hydras
  36 vault guards
  4 catoblepae
  11 ice dragons
  17 anacondas
  2 salamander tyrants
  A spriggan air mage (Depths:4)
  3 peacekeepers
  A spriggan skeleton (Abyss:2)
  A catoblepas (shapeshifter) (Vaults:5)
  2 merfolk avatars
  3 two-headed ogres
  9 centaur warriors
  2 boulder beetles
  5 dancing weapons
  2 alligator snapping turtles
  9 tengu warriors
  6 deep troll shamans
  13 ironbound frosthearts
  9 naga warriors
  9 deep troll earth magi
  4 death yaks (Shoals:4)
  3 merfolk aquamancers
  3 orc high priests
  2 spriggan berserkers
  6 hell hogs
  Sonja (Lair:3)
  A shock serpent (shapeshifter) (Depths:3)
  3 wretched stars (Abyss:4)
  11 deep elf knights
  19 naga sharpshooters
  11 hell knights
  9 shock serpents
  3 skysharks
  2 soul eaters
  A sixfirhy (Abyss:4)
  3 sun demons (Depths:4)
  3 iron trolls (Depths:2)
  9 shadow wraiths (Depths:3)
  8 skeletal warriors
  39 deep trolls
  A titan skeleton (Depths:3)
  A cherub (D:7)
  6 salamander mystics
  13 sea snakes
  2 shadow demons
  3 flayed ghosts (Depths:3)
  A goliath frog (shapeshifter) (Vaults:5)
  15 lindwurms
  6 naga ritualists
  2 spriggan simulacra (Elf:2)
  5 glowing orange brains
  22 deep elf zephyrmancers
  5 large abominations (Abyss:4)
  Pikel (D:4)
  12 deep elf archers
  10 wizards
  23 ironbound convokers
  21 deep elf pyromancers
  An orange crystal statue (IceCv)
  11 phantasmal warriors
  10 starcursed masses (Abyss:4)
  9 necromancers
  A shadow dragon zombie (Depths:3)
  5 cyclopes
  14 orc knights
  2 fire giant skeletons (Vaults:3)
  5 orc sorcerers
  28 harpies
  12 salamanders
  A faun (Shoals:3)
  2 sphinx skeletons (Vaults:3)
  10 mana vipers
  24 ugly things
  17 manticores
  5 shining eyes
  14 moths of wrath
  9 merfolk sirens
  A shining eye (shapeshifter) (Vaults:1)
  17 elephants
  19 vault sentinels
  A frost giant skeleton (Depths:3)
  A stone giant skeleton (Vaults:3)
  34 black mambas
  A torpor snail (Gauntlet)
  A rust devil (D:6)
  A water nymph (shapeshifter) (Elf:1)
  6 water nymphs
  6 human skeletons (Vaults:3)
  2 molten gargoyles (Lair:5)
  4 eyes of devastation
  10 naga magi
  An ice statue (Depths:3)
  5 guardian serpents (Snake:4)
  6 smoke demons
  Joseph (D:7)
  A gargoyle (D:13)
  13 cane toads
  23 yaktaurs
  13 rime drakes
  2 kobold demonologists (D:7)
  An unseen horror (D:12)
  4 tengu conjurers (Depths:3)
  A freezing wraith (Vaults:5)
  2 minotaur zombies (Gauntlet)
  A komodo dragon (shapeshifter) (D:15)
  A rime drake (shapeshifter) (D:15)
  8 komodo dragons
  4 guardian mummies (Zot:1)
  An efreet (D:15)
  An ancient zyme (Abyss:1)
  2 yaktaur skeletons (Vaults:3)
  22 merfolk
  7 trolls
  9 polar bears
  2 meliai (shapeshifter)
  5 wind drakes
  A hornet (D:8)
  2 polar bears (shapeshifter)
  19 blink frogs
  4 raiju (Abyss:4)
  15 dream sheep
  9 snapping turtles
  A meliai zombie (Gauntlet)
  3 frost giant simulacra (Depths:2)
  90 slime creatures
  26 water elementals
  Sigmund (D:3)
  5 air elementals
  A shadow (D:12)
  43 yaks
  2 fire elementals
  4 spriggans (Bailey)
  9 wyverns
  3 wraiths
  8 humans (D:13)
  4 steam dragons
  5 basilisks
  7 golden eyes
  4 redbacks
  A minotaur simulacrum (Elf:2)
  An elf skeleton (Vaults:3)
  23 vampire mosquitoes
  A neqoxec (Abyss:4)
  A redback (shapeshifter) (Depths:3)
  28 nagas
  3 wargs (Orc:1)
  A swamp worm (shapeshifter) (Vaults:3)
  3 acid dragons
  3 hell hounds (Lair:5)
  19 water moccasins
  4 floating eyes
  A glowing shapeshifter skeleton (Vaults:3)
  22 orc warriors
  3 elephant zombies (Lair:3)
  2 black bears
  3 ettin simulacra (Depths:2)
  8 ogres
  4 boggarts (Vaults:2)
  A wolf (shapeshifter) (Depths:1)
  23 wolves
  8 centaurs
  A centaur (shapeshifter) (Zot:1)
  A komodo dragon zombie (Lair:3)
  2 lemures (D:4)
  2 kobold brigands
  A necrophage (D:5)
  2 elf zombies (Ossuary)
  10 bullfrogs
  4 gnoll sergeants
  4 deep troll simulacra (Elf:2)
  2 earth elementals (Elf:2)
  2 scorpions
  3 wights (D:7)
  A lindwurm simulacrum (Elf:2)
  6 electric eels
  8 howler monkeys
  5 lava snakes (Lair:5)
  5 centaur zombies
  6 jellies
  21 orc priests
  A gnoll bouda (D:5)
  6 hounds
  A basilisk zombie (Lair:3)
  Crazy Yiuf (D:3)
  A human zombie (Ossuary)
  An iguana (D:7)
  21 orc wizards
  2 mummies (Ossuary)
  20 gnolls
  9 adders
  2 shadow imps (D:7)
  3 white imps
  5 ufetubi
  An adder zombie (Ossuary)
  6 worms
  54 orcs
  An endoplasm (D:2)
  3 giant cockroaches
  10 goblins
  3 hobgoblins
  4 jackals (D:1)
  8 kobolds
  4 quokkas
  5 ball pythons
  5 bats
  2 frilled lizards
  2 goblin zombies (Ossuary)
  8 hobgoblin zombies (Ossuary)
  11 kobold zombies (Ossuary)
  7 orc zombies (Ossuary)
  4 rats
  2 rat zombies (Ossuary)
  A lurking horror (Abyss:4)
  A plant (Shoals:1)
2008 creatures vanquished.

Vanquished Creatures (others)
  A harpy (Vaults:1)
  A deep elf zephyrmancer (Elf:2)
  A moth of wrath (Zot:4)
  A blink frog (Abyss:4)
  A water elemental (Shoals:4)
  A spriggan simulacrum (Depths:2)
  2 orcs
  A bush (D:10)
  10 fungi
  78 plants
  2 starspawn tentacles (Abyss:4)
  2 withered plants (Shoals:3)
101 creatures vanquished.

Grand Total: 2109 creatures vanquished

Notes
Turn   | Place    | Note
-------+----------+-------------------------------------------
     0 | D:1      | Valamore the Armataur Fighter began the quest for the Orb.
     0 | D:1      | Reached XP level 1. HP: 19/19 MP: 1/1
   292 | D:1      | Reached XP level 2. HP: 24/26 MP: 2/2
   609 | D:1      | Reached skill level 3 in Fighting
   788 | D:2      | Reached XP level 3. HP: 22/33 MP: 3/3
  1340 | D:3      | Found an iron altar of Okawaru.
  1348 | D:3      | Became a worshipper of Warmaster Okawaru
  1417 | D:3      | Reached XP level 4. HP: 29/40 MP: 4/4
  1494 | D:3      | Noticed Sigmund
  1551 | D:4      | Noticed a scorpion
  1559 | D:4      | Killed a scorpion
  1560 | D:4      | Reached XP level 5. HP: 23/49 MP: 5/5
  1638 | D:4      | Noticed a centaur
  1646 | D:4      | Killed a centaur
  1646 | D:4      | Reached * piety under Okawaru
  1647 | D:4      | Reached skill level 4 in Fighting
  1677 | D:4      | Found a sand-covered staircase.
  1682 | Ossuary  | Entered an ossuary
  1847 | Ossuary  | Reached XP level 6. HP: 53/55 MP: 6/6
  1867 | Ossuary  | Reached skill level 5 in Maces & Flails
  1914 | Ossuary  | Reached XP level 7. HP: 7/64 MP: 4/7
  2291 | D:3      | Killed Sigmund
  2292 | D:3      | Reached skill level 5 in Fighting
  2707 | D:3      | Identified the +11 spear of Xeeg {pain, *Corrode Int+10}
  2718 | D:3      | Found a runed translucent door.
  2719 | D:3      | Noticed Crazy Yiuf
  3016 | D:3      | Killed Crazy Yiuf
  3365 | D:4      | Noticed Pikel
  3381 | D:4      | Killed Pikel
  3381 | D:4      | Reached ** piety under Okawaru
  3382 | D:4      | Reached XP level 8. HP: 34/74 MP: 5/8
  3697 | D:5      | Entered Level 5 of the Dungeon
  3862 | D:5      | Reached skill level 6 in Fighting
  4960 | D:6      | Found a staircase to the Ecumenical Temple.
  5312 | D:6      | Found a shadowy altar of Dithmenos.
  5333 | D:6      | Reached XP level 9. HP: 81/83 MP: 9/9
  5534 | D:7      | Noticed a kobold demonologist
  5535 | D:7      | Noticed a kobold demonologist
  5739 | D:7      | Killed a kobold demonologist
  5740 | D:7      | Reached skill level 7 in Fighting
  5745 | D:7      | Noticed a sixfirhy
  6225 | D:7      | Noticed a rust devil
  6227 | D:7      | Noticed a rust devil
  6234 | D:7      | Killed a kobold demonologist
  6270 | D:7      | Reached skill level 10 in Maces & Flails
  6746 | D:7      | Noticed Joseph
  6769 | D:7      | Killed Joseph
  6770 | D:7      | Reached skill level 8 in Fighting
  7096 | D:8      | Found an ornate altar of the Wu Jian Council.
  7591 | D:7      | Reached XP level 10. HP: 47/94 MP: 7/10
  8530 | D:8      | Found a sacrificial altar of Ru.
  8559 | D:8      | Found a glowing silver altar of Zin.
  8559 | D:8      | Noticed an angel
  8634 | D:9      | Reached *** piety under Okawaru
  8815 | D:9      | Noticed a two-headed ogre
  8823 | D:9      | Killed a two-headed ogre
  8824 | D:9      | Reached skill level 9 in Fighting
  8842 | D:9      | Found a flagged portal.
  8848 | Bailey   | Entered a bailey
  9534 | Bailey   | Reached **** piety under Okawaru
  9585 | Bailey   | Noticed a two-headed ogre
  9610 | Bailey   | Killed a two-headed ogre
  9611 | Bailey   | Reached XP level 11. HP: 46/103 MP: 11/11
  9803 | Bailey   | Found the +7 Spriggan's Knife {stab, EV+4 Stlth+}
 10122 | D:10     | Entered Level 10 of the Dungeon
 10354 | D:10     | Found a staircase to the Lair.
 10711 | D:10     | Found a staircase to the Orcish Mines.
 11001 | D:10     | Reached skill level 1 in Dodging
 11781 | D:10     | Identified a scroll of acquirement
 11781 | D:10     | Acquired a +2 eveningstar of protection
 12029 | D:11     | Reached skill level 5 in Armour
 12111 | D:11     | Identified the +0 ring mail of Watchfulness {rC+ Regen+}
 12377 | D:11     | Reached ***** piety under Okawaru
 13118 | D:12     | Found a gate leading to a gauntlet.
 13118 | D:12     | Found Lyushriw's Magic Scroll Shoppe.
 13142 | D:12     | Reached XP level 12. HP: 76/111 MP: 12/12
 13147 | D:12     | Bought a scroll of identify for 32 gold pieces
 13147 | D:12     | Bought a scroll of identify for 32 gold pieces
 13154 | Gauntlet | Entered a Gauntlet
 13154 | Gauntlet | Found a large runed translucent door.
 13154 | Gauntlet | Found a large runed translucent door.
 13154 | Gauntlet | Found a large runed translucent door.
 13154 | Gauntlet | Found a large runed translucent door.
 13154 | Gauntlet | Found a large runed translucent door.
 13154 | Gauntlet | Found a large runed translucent door.
 13154 | Gauntlet | Found a large runed translucent door.
 13154 | Gauntlet | Found a large runed translucent door.
 13154 | Gauntlet | Found a runed translucent door.
 13154 | Gauntlet | Found a runed translucent gate.
 13154 | Gauntlet | Found a transporter.
 13154 | Gauntlet | Found a transporter.
 13154 | Gauntlet | Found a runed translucent gate.
 13154 | Gauntlet | Found a transporter.
 13175 | Gauntlet | Noticed a seven-headed hydra
 13234 | Gauntlet | Found a runed translucent door.
 13234 | Gauntlet | Found a runed translucent gate.
 13240 | Gauntlet | Found a large runed translucent door.
 13240 | Gauntlet | Found a large runed translucent door.
 13241 | Gauntlet | Found a large runed translucent door.
 13242 | Gauntlet | Found a large runed translucent door.
 13246 | Gauntlet | Found a transporter.
 13251 | Gauntlet | Found a large runed translucent door.
 13251 | Gauntlet | Found a large runed translucent door.
 13252 | Gauntlet | Found a transporter.
 13254 | Gauntlet | Found a transporter.
 13269 | Gauntlet | Found a transporter.
 13289 | Gauntlet | Found a transporter.
 13315 | Gauntlet | Found a transporter.
 13339 | Gauntlet | Found a large runed translucent door.
 13339 | Gauntlet | Found a large runed translucent door.
 13375 | Gauntlet | Found a transporter.
 13376 | Gauntlet | Found a transporter.
 13448 | Gauntlet | Killed a seven-headed hydra
 13449 | Gauntlet | Reached skill level 1 in Invocations
 13466 | Gauntlet | Identified the amulet "Efaruk" {rElec rF+ Regen+ Str+4}
 13612 | Gauntlet | Found a transporter.
 13645 | Gauntlet | Identified the +0 cloak of Koxyokh {rF- rC+++ Str-3 Int+3}
 13722 | Gauntlet | Noticed a minotaur
 13733 | Gauntlet | Killed a minotaur
 13854 | D:12     | Bought a scroll of teleportation for 48 gold pieces
 13854 | D:12     | Bought a scroll of brand weapon for 152 gold pieces
 13854 | D:12     | Bought a scroll of blinking for 120 gold pieces
 13854 | D:12     | Bought a scroll of teleportation for 48 gold pieces
 13854 | D:12     | Bought a scroll of blinking for 120 gold pieces
 13894 | D:12     | You fall into a shaft and drop 1 floor!
 14113 | D:12     | Acquired the ring of Sif Muna's Hope {rF++ rC+ rCorr}
 14269 | D:12     | Reached skill level 15 in Maces & Flails
 14348 | D:12     | Found a portal to a secret trove of treasure.
 14547 | Lair:1   | Entered Level 1 of the Lair of Beasts
 14748 | Lair:1   | Reached skill level 5 in Invocations
 15593 | Lair:2   | Noticed a six-headed hydra
 15598 | Lair:2   | Killed a six-headed hydra
 15687 | Lair:2   | Received a gift from Okawaru
 15737 | Lair:2   | Noticed a catoblepas
 15745 | Lair:2   | Killed a catoblepas
 15771 | Lair:2   | Found a staircase to the Shoals.
 15877 | Lair:2   | Reached XP level 13. HP: 114/118 MP: 17/17
 16569 | Lair:3   | Found a transporter.
 16576 | Lair:3   | Noticed porpoise's ghost (journeyman GnEn)
 16577 | Lair:3   | Found a transporter.
 16614 | Lair:3   | Reached skill level 5 in Shields
 16841 | Lair:3   | Noticed Sonja
 16861 | Lair:3   | Killed Sonja
 16875 | Lair:3   | Reached skill level 10 in Fighting
 16944 | Lair:3   | Identified the +4 trident of the Filigreed God {protect,
                  | rElec rF+ Will+ Str+3}
 17046 | Lair:3   | Found a staircase to the Snake Pit.
 17522 | Lair:4   | Identified the +2 barding of Faph {+Blink rF++ Regen+
                  | Int+3} (Okawaru gifted it to you on level 4 of the Lair of
                  | Beasts)
 17522 | Lair:4   | Received a gift from Okawaru
 17686 | Lair:4   | Identified the +3 scale mail "Pujepsack" {Will+ Str+2}
 17842 | Lair:4   | Reached skill level 11 in Fighting
 18418 | Lair:5   | Entered Level 5 of the Lair of Beasts
 18463 | Lair:5   | Reached XP level 14. HP: 106/132 MP: 21/21
 18549 | Lair:5   | Reached skill level 10 in Invocations
 18797 | Lair:5   | Reached ****** piety under Okawaru
 18935 | Lair:5   | Identified the +4 barding "Iggum" {rPois rC+ Str-5}
                  | (Okawaru gifted it to you on level 5 of the Lair of Beasts)
 18935 | Lair:5   | Received a gift from Okawaru
 18980 | Lair:5   | Found a large runed translucent door.
 18981 | Lair:5   | Found a large runed translucent door.
 19203 | Lair:5   | Reached skill level 12 in Fighting
 19311 | Lair:5   | Found a staircase to the Slime Pits.
 20261 | D:13     | Noticed Nessos
 20262 | D:13     | Nessos changed into Nessos the lindwurm
 20262 | D:13     | Noticed Nessos
 20266 | D:13     | Killed Nessos the lindwurm
 20662 | D:13     | Found a gate to the Vaults.
 21017 | D:14     | Found an opulent altar of Gozag.
 21128 | D:14     | Reached skill level 13 in Fighting
 21194 | D:14     | Identified the +4 scale mail of Omission {+Blink rPois
                  | rN+++ Str-3} (Okawaru gifted it to you on level 14 of the
                  | Dungeon)
 21194 | D:14     | Received a gift from Okawaru
 21680 | D:15     | Entered Level 15 of the Dungeon
 21723 | D:15     | Reached XP level 15. HP: 119/145 MP: 24/24
 21766 | D:15     | Found a staircase to the Depths.
 22199 | D:15     | Found a faded altar of an unknown god.
 22201 | D:15     | Found a faded altar of an unknown god.
 22201 | D:15     | Found a hazy altar of Hepliaklqana.
 22571 | Orc:1    | Entered Level 1 of the Orcish Mines
 22593 | Orc:1    | Paralysed by an orc sorcerer for 5 turns
 23029 | Orc:2    | Entered Level 2 of the Orcish Mines
 23125 | Orc:2    | Found Xeiggizei's Weapon Boutique.
 23211 | Orc:2    | Found a large runed translucent door.
 23211 | Orc:2    | Found a large runed translucent door.
 23231 | Orc:2    | Found a staircase to the Elven Halls.
 23370 | Orc:2    | Reached skill level 14 in Fighting
 23809 | Orc:2    | Received a gift from Okawaru
 23966 | Orc:2    | Found Jydis's Distillery.
 23971 | Orc:2    | Found Teisho's Weapon Boutique.
 23975 | Orc:2    | Bought 2 potions of haste for 280 gold pieces
 23975 | Orc:2    | Bought a potion of cancellation for 112 gold pieces
 23975 | Orc:2    | Bought a potion of heal wounds for 70 gold pieces
 23975 | Orc:2    | Bought a potion of curing for 42 gold pieces
 23975 | Orc:2    | Bought a potion of curing for 42 gold pieces
 23975 | Orc:2    | Bought a potion of lignification for 42 gold pieces
 23978 | Orc:2    | Found Zedinuo's Weapon Boutique.
 23980 | Orc:2    | Found Holoro's Armour Emporium.
 23989 | Orc:2    | Bought the +1 pair of gloves of Reason {Dex+3 Stlth+} for
                  | 281 gold pieces
 24048 | Orc:2    | Noticed Airmonger's ghost (journeyman HOFi)
 24067 | Orc:2    | Killed Airmonger's ghost
 24356 | Snake:1  | Entered Level 1 of the Snake Pit
 24453 | Snake:1  | Found Wiost's Armour Shoppe.
 24455 | Snake:1  | Found Xaexususee's Assorted Antiques.
 24464 | Snake:1  | Bought a scroll of identify for 82 gold pieces
 24777 | Snake:1  | Reached skill level 10 in Shields
 25937 | Snake:2  | Received a gift from Okawaru
 25959 | Snake:2  | Noticed a nagaraja
 25965 | Snake:2  | Killed a nagaraja
 26176 | Snake:3  | Noticed a nagaraja
 26196 | Snake:3  | Killed a nagaraja
 26253 | Snake:3  | Found a runed translucent door.
 26254 | Snake:3  | Noticed Rudyous's ghost (adept MiFi)
 26285 | Snake:3  | Reached skill level 15 in Fighting
 26336 | Snake:3  | Noticed a nagaraja
 26345 | Snake:3  | Killed a nagaraja
 26346 | Snake:3  | Reached XP level 16. HP: 95/159 MP: 25/25
 26506 | Snake:3  | Received a gift from Okawaru
 27025 | Snake:3  | Killed Rudyous's ghost
 27031 | Snake:3  | Identified the ring of Issuipn {rN+ Will+ Str+6}
 27085 | Snake:4  | Entered Level 4 of the Snake Pit
 27360 | Snake:4  | Reached skill level 15 in Shields
 27497 | Snake:4  | Noticed Louise
 27500 | Snake:4  | Noticed Aizul
 27518 | Snake:4  | Killed Louise
 27525 | Snake:4  | Reached skill level 10 in Armour
 27535 | Snake:4  | Killed Aizul
 27689 | Snake:4  | Received a gift from Okawaru
 27944 | Snake:4  | Noticed Mara
 27948 | Snake:4  | Noticed Valamore's illusion
 27952 | Snake:4  | Killed Mara
 28032 | Snake:4  | Noticed Vashnia
 28051 | Snake:4  | Killed Vashnia
 28060 | Snake:4  | Identified the ring "Huat Qaa" {Drain rC+ Slay+3 SInv}
 28078 | Snake:4  | Reached XP level 17. HP: 59/166 MP: 22/26
 28141 | Snake:4  | Identified the +0 chain mail of the Ten Teeth {*Corrode
                  | rElec Str+3 Int+3} (Okawaru gifted it to you on level 4 of
                  | the Snake Pit)
 28141 | Snake:4  | Received a gift from Okawaru
 28322 | Snake:4  | Got a serpentine rune of Zot
 28554 | Shoals:1 | Entered Level 1 of the Shoals
 28672 | Shoals:1 | Reached skill level 1 in Evocations
 28692 | Shoals:1 | Reached skill level 1 in Throwing
 28730 | Shoals:1 | Reached skill level 15 in Armour
 28838 | Shoals:1 | Found Mivownog's Gadget Gallery.
 28858 | Shoals:1 | Bought a tin of tremorstones (2/2) for 440 gold pieces
 29057 | Shoals:1 | Identified the +6 flail "Ytzei" {flame, *Slow Will+++
                  | rCorr}
 29178 | Shoals:2 | Found Buitz's Armour Shop.
 30010 | Shoals:3 | Received a gift from Okawaru
 30110 | Shoals:3 | Found a runed translucent door.
 30111 | Shoals:3 | Noticed Ceuduph's ghost (adept AtWn)
 30501 | Shoals:4 | Entered Level 4 of the Shoals
 30525 | Shoals:4 | Noticed Polyphemus
 30546 | Shoals:4 | Killed Polyphemus
 30692 | Shoals:4 | Reached skill level 5 in Evocations
 30780 | Shoals:4 | Reached XP level 18. HP: 96/174 MP: 27/27
 30829 | Shoals:4 | Reached skill level 5 in Throwing
 30959 | Shoals:4 | Received a gift from Okawaru
 30973 | Shoals:4 | Identified the ring of Ofevy {rPois rCorr AC+4 Int+2}
 31440 | Shoals:4 | Got a barnacled rune of Zot
 31751 | Elf:1    | Entered Level 1 of the Elven Halls
 31774 | Elf:1    | Identified the +10 plate armour of Udompibi {rElec MP+9
                  | Dex+2} (Okawaru gifted it to you on level 1 of the Elven
                  | Halls)
 31774 | Elf:1    | Received a gift from Okawaru
 31873 | Elf:1    | Found a magical portal.
 32332 | Elf:1    | Found Garu's CLEARANCE SALE!.
 32335 | Elf:1    | Bought a scroll of blinking for 52 gold pieces
 32335 | Elf:1    | Bought a potion of flight for 21 gold pieces
 32520 | Elf:2    | Found an ancient bone altar of Kikubaaqudgha.
 32695 | Elf:2    | Found a frozen archway.
 32757 | IceCv    | Entered an ice cave
 33471 | Elf:2    | Paralysed by an air elemental for 1 turns
 33525 | Elf:2    | Found a huge runed translucent gate.
 33525 | Elf:2    | Found a huge runed translucent gate.
 33540 | Elf:2    | Found a huge runed translucent gate.
 33540 | Elf:2    | Found a huge runed translucent gate.
 33540 | Elf:2    | Found a huge runed translucent gate.
 33648 | Elf:2    | Received a gift from Okawaru
 33951 | Elf:3    | Entered Level 3 of the Elven Halls
 34052 | Elf:3    | Noticed a Hell Sentinel
 34067 | Elf:3    | Reached XP level 19. HP: 168/180 MP: 28/28
 34282 | Elf:3    | Paralysed by an air elemental for 1 turns
 34384 | Elf:3    | Noticed Saint Roka
 34393 | Elf:3    | Killed Saint Roka
 34516 | Elf:3    | Received a gift from Okawaru
 34752 | Elf:3    | Identified the ring of Ignis's Benevolence {Fly Str+5
                  | Int-3}
 34824 | Elf:3    | Identified the +0 scale mail of the Wumpus {Harm Rampage
                  | rCorr Slay+3}
 34919 | Elf:3    | Reached skill level 10 in Evocations
 34981 | Elf:3    | Identified the +3 sling of Hacking and Slashing {drain, rF-
                  | rN+ Str+7}
 35333 | Vaults:1 | Entered Level 1 of the Vaults
 35333 | Vaults:1 | Found Poawejou's Antique Weapon Shop.
 35876 | Vaults:1 | Noticed Asterion
 35885 | Vaults:1 | Killed Asterion
 36042 | Vaults:1 | Received a gift from Okawaru
 36480 | Vaults:2 | Noticed Mennas
 36509 | Vaults:2 | Killed Mennas
 36574 | Vaults:2 | Identified the amulet of Tofid {Acrobat rC++}
 36731 | Vaults:2 | Reached XP level 20. HP: 149/190 MP: 29/29
 36924 | Vaults:2 | Received a gift from Okawaru
 37027 | Vaults:2 | Noticed Frederick
 37037 | Vaults:2 | Killed Frederick
 37312 | Vaults:3 | Received a gift from Okawaru
 37327 | Vaults:3 | Identified the +1 scale mail of Patterns {Will+}
 37398 | Vaults:3 | Found a flickering gateway to a bazaar.
 37497 | Bazaar   | Entered a bazaar
 37518 | Bazaar   | Found Koorgh's Magic Scroll Shoppe.
 37518 | Bazaar   | Found Zezajeox's Weapon Emporium.
 37523 | Bazaar   | Bought a scroll of enchant armour for 75 gold pieces
 37523 | Bazaar   | Bought a scroll of enchant armour for 75 gold pieces
 37523 | Bazaar   | Bought 3 scrolls of teleportation for 90 gold pieces
 37523 | Bazaar   | Bought a scroll of teleportation for 30 gold pieces
 37523 | Bazaar   | Bought a scroll of vulnerability for 40 gold pieces
 37540 | Bazaar   | Found Dific's Antique Weapon Emporium.
 37556 | Bazaar   | Found Bebukh's Jewellery Emporium.
 37936 | Vaults:3 | Noticed an ancient lich
 37937 | Vaults:3 | Found Dysof's Armour Shoppe.
 37948 | Vaults:3 | Killed an ancient lich
 38069 | Vaults:3 | Found a staircase to the Crypt.
 38639 | Vaults:4 | Identified the +0 barding "Orhy" {Regen+ Str-4 Int-2
                  | Stlth+} (Okawaru gifted it to you on level 4 of the Vaults)
 38639 | Vaults:4 | Received a gift from Okawaru
 38740 | Vaults:4 | Reached skill level 16 in Fighting
 38919 | Vaults:4 | Identified the ring "Goviexuq" {rElec rC+}
 39229 | Vaults:4 | Found Fuodakao's Jewellery Shop.
 39366 | Vaults:4 | Reached XP level 21. HP: 51/202 MP: 30/30
 39638 | Vaults:4 | Reached skill level 10 in Throwing
 39924 | Vaults:5 | Entered Level 5 of the Vaults
 39965 | Vaults:5 | Identified the +1 barding of Good Intentions {Str+4 Dex-2}
                  | (Okawaru gifted it to you on level 5 of the Vaults)
 39965 | Vaults:5 | Received a gift from Okawaru
 39998 | Vaults:5 | Noticed a golden dragon
 40000 | Vaults:5 | Noticed a dread lich
 40011 | Vaults:5 | Killed a golden dragon
 40020 | Vaults:5 | Killed a dread lich
 40021 | Vaults:5 | Reached skill level 17 in Fighting
 40095 | Vaults:5 | Found the +8 lance "Wyrmbane" {slay drac, rPois rF+ rC+
                  | AC+3}
 40212 | Vaults:5 | Got the Handbook of the Blink Frog
 40233 | Vaults:5 | Identified the ring of Miymiul {rN+ AC+4}
 40341 | Vaults:5 | Noticed a dread lich
 40349 | Vaults:5 | Killed a dread lich
 40372 | Vaults:5 | Noticed a golden dragon
 40376 | Vaults:5 | Killed a golden dragon
 40400 | Vaults:5 | Identified the +3 spear of World Downfall {elec, rF++}
 40406 | Vaults:5 | Reached skill level 18 in Fighting
 40410 | Vaults:5 | Identified the +6 crystal plate armour of Zuitzivo {rPois
                  | rF+ rN+++ Dex-5} (Okawaru gifted it to you on level 5 of
                  | the Vaults)
 40410 | Vaults:5 | Received a gift from Okawaru
 40471 | Vaults:5 | Got a silver rune of Zot
 40914 | Vaults:5 | Reached XP level 22. HP: 214/215 MP: 31/31
 41442 | Depths:1 | Entered Level 1 of the Depths
 41485 | Depths:1 | Reached skill level 19 in Fighting
 41546 | Depths:1 | Found Deom's Assorted Antiques.
 41547 | Depths:1 | Found a one-way gate to the infinite horrors of the Abyss.
 41558 | Depths:1 | Bought a scroll of teleportation for 141 gold pieces
 41558 | Depths:1 | Bought a scroll of teleportation for 141 gold pieces
 41653 | Depths:1 | Paralysed by a floating eye for 3 turns
 41659 | Depths:1 | Paralysed by a floating eye for 2 turns
 41865 | Depths:1 | Found a one-way gateway to a ziggurat.
 41867 | Depths:1 | Paralysed by a floating eye for 2 turns
 41872 | Depths:1 | Paralysed by a floating eye for 4 turns
 41878 | Depths:1 | Paralysed by a floating eye for 2 turns
 41976 | Depths:1 | Found a broken altar of Ashenzari.
 42038 | Zig:1    | Entered Level 1 of a ziggurat
 42235 | Depths:1 | Found a gateway to Hell.
 42329 | Depths:1 | Found a glowing golden altar of the Shining One.
 42440 | Depths:2 | Reached skill level 20 in Fighting
 42440 | Depths:2 | Reached skill level 5 in Dodging
 42469 | Depths:2 | Identified the +1 hat of Resourcefulness {Harm rF+ rN+
                  | Slay+2} (Okawaru gifted it to you on level 2 of the Depths)
 42469 | Depths:2 | Received a gift from Okawaru
 42604 | Depths:2 | Noticed Bai Suzhen
 42624 | Depths:2 | Killed Bai Suzhen
 42625 | Depths:2 | Identified the ring of the Peculiar Emperors {Ice rN+}
 42625 | Depths:2 | Noticed Josephina
 42649 | Depths:2 | Killed Josephina
 42745 | Depths:2 | Noticed Nikola
 42761 | Depths:2 | Killed Nikola
 42818 | Depths:2 | Found a bloodstained altar of Trog.
 43016 | Depths:2 | Found a one-way gate leading to the halls of Pandemonium.
 43342 | Depths:3 | Found Unledwul's Weapon Shoppe.
 43391 | Depths:3 | Noticed a golden dragon
 43401 | Depths:3 | Killed a golden dragon
 43406 | Depths:3 | Bought a +2 eveningstar of venom for 690 gold pieces
 43512 | Depths:3 | Found the +8 frozen axe "Frostbite" {freeze, freezing
                  | cloud, *Noise Fly rC+}
 43589 | Depths:3 | Noticed Jory
 43599 | Depths:3 | Killed Jory
 43637 | Depths:3 | Identified the +9 dagger of Rubbish {vamp, +Blink rPois
                  | MP+9 Int-4}
 43638 | Depths:3 | Identified the +0 pair of gloves "Hauhasuh" {rF+ Str+5
                  | Dex-2}
 43680 | Depths:3 | Received a gift from Okawaru
 43882 | Depths:3 | Reached XP level 23. HP: 111/221 MP: 32/32
 44008 | Depths:2 | Received a gift from Okawaru
 44337 | Depths:3 | Noticed Margery
 44348 | Depths:3 | Killed Margery
 44389 | Depths:3 | Found Olla Kea's Armour Boutique.
 44471 | Depths:3 | Found Mahifoops's Antique Armour Shop.
 44473 | Depths:3 | Found Odoe's Assorted Antiques.
 44474 | Depths:3 | Found a gateway to a bazaar.
 44484 | Bazaar   | Entered a bazaar
 44490 | Bazaar   | Found Yfiga's Magic Scroll Emporium.
 44490 | Bazaar   | Found Qonutadu's Jewellery Shoppe.
 44498 | Bazaar   | Bought a scroll of silence for 104 gold pieces
 44498 | Bazaar   | Bought a scroll of teleportation for 33 gold pieces
 44498 | Bazaar   | Bought a scroll of vulnerability for 44 gold pieces
 44498 | Bazaar   | Bought a scroll of enchant armour for 82 gold pieces
 44522 | Depths:3 | Bought a potion of haste for 360 gold pieces
 44976 | Depths:4 | Entered Level 4 of the Depths
 44976 | Depths:4 | Noticed Vv
 44990 | Depths:3 | Killed Vv
 44991 | Depths:3 | Reached skill level 21 in Fighting
 45025 | Depths:4 | Noticed Boris
 45035 | Depths:4 | Killed Boris
 45102 | Depths:4 | Identified the +8 short sword of Anxiety {freeze, +Blink
                  | Int-5 Dex+5}
 45201 | Depths:4 | Received a gift from Okawaru
 45363 | Depths:4 | Found a gate to the Realm of Zot.
 45447 | Depths:4 | Identified the +9 spear of the Empty Page {heavy, rF+}
 45826 | Depths:3 | Voluntarily entered the Abyss.
 45888 | Abyss:2  | Found a corrupted altar of Lugonu.
 45913 | Abyss:3  | Found a corrupted altar of Lugonu.
 45947 | Abyss:4  | Gained mutation: You do not regenerate when monsters are
                  | visible. [a neqoxec]
 45949 | Abyss:4  | Lost mutation: You do not regenerate when monsters are
                  | visible. [potion of mutation]
 45949 | Abyss:4  | Gained mutation: Your mind is acute. (Int +4, Str/Dex -1)
                  | [potion of mutation]
 45949 | Abyss:4  | Gained mutation: Your natural rate of healing is unusually
                  | fast. [potion of mutation]
 45949 | Abyss:4  | Gained mutation: You have hidden genetic defects. [potion
                  | of mutation]
 45949 | Abyss:4  | Gained mutation: You have sharp toenails. [potion of
                  | mutation]
 45972 | Abyss:4  | Found a corrupted altar of Lugonu.
 45977 | Abyss:4  | Received a gift from Okawaru
 46093 | Abyss:4  | Found a corrupted altar of Lugonu.
 46144 | Abyss:4  | Received a gift from Okawaru
 46153 | Abyss:4  | Got an abyssal rune of Zot
 46209 | Depths:3 | Escaped the Abyss
 46469 | Slime:1  | Entered Level 1 of the Pits of Slime
 46587 | Slime:2  | Paralysed by a floating eye for 3 turns
 46635 | Slime:3  | Gained mutation: You are frail. (-10% HP) [a shining eye]
 46681 | Slime:3  | Lost mutation: Your natural rate of healing is unusually
                  | fast. [potion of mutation]
 46681 | Slime:3  | Lost mutation: Your mind is acute. (Int +4, Str/Dex -1)
                  | [potion of mutation]
 46681 | Slime:3  | Lost mutation: You have hidden genetic defects. [potion of
                  | mutation]
 46681 | Slime:3  | Lost mutation: You are frail. (-10% HP) [potion of
                  | mutation]
 46681 | Slime:3  | Lost mutation: You have sharp toenails. [potion of
                  | mutation]
 46681 | Slime:3  | Gained mutation: You passively map a small area around you.
                  | [potion of mutation]
 46681 | Slime:3  | Gained mutation: You occasionally lose the ability to read
                  | scrolls when taking damage. [potion of mutation]
 46681 | Slime:3  | Gained mutation: You have a somewhat thin skeletal
                  | structure. (Dex +2, Stealth+) [potion of mutation]
 46681 | Slime:3  | Gained mutation: You are robust. (+10% HP) [potion of
                  | mutation]
 46681 | Slime:3  | Gained mutation: You are very robust. (+20% HP) [potion of
                  | mutation]
 46682 | Slime:3  | Lost mutation: You have a somewhat thin skeletal structure.
                  | (Dex +2, Stealth+) [potion of mutation]
 46682 | Slime:3  | Lost mutation: You are very robust. (+20% HP) [potion of
                  | mutation]
 46682 | Slime:3  | Lost mutation: You occasionally lose the ability to read
                  | scrolls when taking damage. [potion of mutation]
 46682 | Slime:3  | Lost mutation: You are robust. (+10% HP) [potion of
                  | mutation]
 46682 | Slime:3  | Lost mutation: You passively map a small area around you.
                  | [potion of mutation]
 46682 | Slime:3  | Gained mutation: You are agile. (Dex +4, Str/Int -1)
                  | [potion of mutation]
 46682 | Slime:3  | Gained mutation: You occasionally lose the ability to drink
                  | potions when taking damage. [potion of mutation]
 46682 | Slime:3  | Gained mutation: You expend magic power (3 MP) to
                  | strengthen your wands. [potion of mutation]
 46682 | Slime:3  | Gained mutation: Your magical capacity is low. (-10% MP)
                  | [potion of mutation]
 46682 | Slime:3  | Gained mutation: You are partially covered in iridescent
                  | scales. (AC +2) [potion of mutation]
 46682 | Slime:3  | Gained mutation: You have a pair of small horns on your
                  | head. [potion of mutation]
 46683 | Slime:3  | Lost mutation: You have a pair of small horns on your head.
                  | [potion of mutation]
 46683 | Slime:3  | Lost mutation: Your magical capacity is low. (-10% MP)
                  | [potion of mutation]
 46683 | Slime:3  | Lost mutation: You expend magic power (3 MP) to strengthen
                  | your wands. [potion of mutation]
 46683 | Slime:3  | Lost mutation: You are partially covered in iridescent
                  | scales. (AC +2) [potion of mutation]
 46683 | Slime:3  | Lost mutation: You occasionally lose the ability to drink
                  | potions when taking damage. [potion of mutation]
 46683 | Slime:3  | Lost mutation: You are agile. (Dex +4, Str/Int -1) [potion
                  | of mutation]
 46683 | Slime:3  | Gained mutation: You expend magic power (3 MP) to
                  | strengthen your wands. [potion of mutation]
 46683 | Slime:3  | Gained mutation: You are vulnerable to heat. (rF-) [potion
                  | of mutation]
 46683 | Slime:3  | Gained mutation: You are partially covered in iridescent
                  | scales. (AC +2) [potion of mutation]
 46732 | Slime:3  | Gained mutation: You are weak. (Str -2) [a shining eye]
 46739 | Slime:3  | Found a viscous altar of Jiyva.
 46767 | Slime:3  | Received a gift from Okawaru
 46798 | Slime:4  | Reached XP level 24. HP: 217/247 MP: 32/32
 46817 | Slime:5  | Entered Level 5 of the Pits of Slime
 46904 | Slime:5  | Noticed the Royal Jelly
 46905 | Slime:5  | Found a viscous altar of Jiyva.
 46932 | Slime:5  | Killed the Royal Jelly
 46932 | Slime:5  | Received a gift from Okawaru
 46933 | Slime:5  | Reached skill level 22 in Fighting
 46997 | Slime:5  | Received a gift from Okawaru
 47066 | Slime:5  | Got a slimy rune of Zot
 47102 | Slime:5  | Identified the +3 dagger of Fundamental Breach {heavy,
                  | *Corrode rC++ rN+ Dex+2}
 47109 | Slime:5  | Got the Compendium of Horrible Calling
 47525 | Zot:1    | Entered Level 1 of the Realm of Zot
 47714 | Zot:1    | Noticed a Killer Klown
 47731 | Zot:1    | Killed a Killer Klown
 47865 | Zot:1    | Identified the +1 chain mail of the Rose {Int+2}
 47871 | Zot:1    | Found a large runed translucent door.
 47871 | Zot:1    | Noticed a Killer Klown
 47873 | Zot:1    | Noticed an orb of fire
 47879 | Zot:1    | Killed a Killer Klown
 47879 | Zot:1    | Gained mutation: You passively dampen the noise of your
                  | surroundings. [an orb of fire]
 47879 | Zot:1    | Noticed a Killer Klown
 47883 | Zot:1    | Noticed a Killer Klown
 47887 | Zot:1    | Killed an orb of fire
 47890 | Zot:1    | Found a large runed translucent door.
 47896 | Zot:1    | Found a large runed translucent door.
 47896 | Zot:1    | Found a shimmering altar of Xom.
 47896 | Zot:1    | Found a large runed translucent door.
 47903 | Zot:1    | Killed a Killer Klown
 47906 | Zot:1    | Found a large runed translucent door.
 47907 | Zot:1    | Killed a Killer Klown
 47912 | Zot:1    | Found a large runed translucent door.
 47912 | Zot:1    | Found a large runed translucent door.
 48085 | Zot:1    | Found a large runed translucent door.
 48085 | Zot:1    | Noticed a Killer Klown
 48087 | Zot:1    | Identified the +5 great sword of the Bespelling Lamprey
                  | {chaos, Str+5 SInv}
 48087 | Zot:1    | Noticed a Killer Klown
 48095 | Zot:1    | Killed a Killer Klown
 48112 | Zot:1    | Noticed a Killer Klown
 48112 | Zot:1    | Noticed a Killer Klown
 48134 | Zot:1    | Killed a Killer Klown
 48140 | Zot:1    | Killed a Killer Klown
 48140 | Zot:1    | Received a gift from Okawaru
 48144 | Zot:1    | Killed a Killer Klown
 48280 | Zot:1    | Identified the +9 hand crossbow "Ogreslayer" {freeze, rF++
                  | rN++ Int-4}
 48544 | Zot:2    | Identified the +4 barding of True Grit {Dex+3 Stlth+}
                  | (Okawaru gifted it to you on level 2 of the Realm of Zot)
 48544 | Zot:2    | Received a gift from Okawaru
 48661 | Arena    | Entered the Arena
 48688 | Zot:3    | Reached skill level 23 in Fighting
 48914 | Zot:5    | Entered Level 5 of the Realm of Zot
 49359 | Zot:5    | Noticed a dread lich
 49359 | Zot:5    | Noticed an ancient lich
 49359 | Zot:5    | Noticed an ancient lich
 49364 | Zot:5    | Got the Orb of Zot
 49366 | Zot:5    | Noticed an orb of fire
 49366 | Zot:5    | Noticed a Killer Klown
 49366 | Zot:5    | Noticed a dread lich
 49370 | Zot:5    | Noticed Boris
 49460 | Zot:2    | Reached XP level 25. HP: 253/260 MP: 32/32
 49795 | D:6      | Noticed Bileuriv the pandemonium lord
 49927 | D:$      | Escaped with the Orb!

Illustrated notes

Levels and vault maps discovered:
D:1:      eino_arrival_water_star, layout_loops_ring
D:2:      layout_loops_ring
D:3:      layout_loops_ring, kennysheep_okawaru_gauntlet, uniq_sigmund,
          uniq_crazy_yiuf_cottage
D:4:      layout_rooms, nicolae_ossuary_entry_plus, uniq_pikel
D:5:      layout_basic, grunt_ministairs_15, st_stairs_6
D:6:      layout_basic, nicolae_overflow_hidden_temple,
          minmay_temple_entry_overgrown
D:7:      layout_rooms, st_stairs_2, uniq_joseph
D:8:      layout_basic, general_overflow_altar, old_standard_altar, zin_angel
D:9:      layout_cave_pools, enter_bailey_3
D:10:     lemuel_ice_statue, layout_small_grid, minmay_lair_entry_grove,
          orc_0_dummy
D:11:     layout_rooms
D:12:     layout_loops_ring, gauntlet_entry_generic, serial_shops,
          nicolae_shop_trees, enter_trove_6, fountainhead, minivault_4
D:13:     layout_long_grid, ximxim_vaults_locker_room, hex_medium, uniq_nessos
D:14:     layout_gridville, grunt_gozag_breadcrumbs, minmay_misc_feat_square
D:15:     hangedman_depths_entry_civil_slaughter, layout_irregular_city,
          nicolae_hepliaklqana_ecumenical_no_more
Lair:1:   layout_small_grid
Lair:2:   layout_chaotic_city, minmay_shoals_entry_beasts, wad_woods_river_02
Lair:3:   pond_and_an_island_with_a_cottage, layout_long_grid,
          minmay_snake_entry_guardpost_small, gammafunk_ghost_arena, uniq_sonja
Lair:4:   layout_regular_city, chequers_serial_rivers_micro_a,
          minmay_hedge_maze, grunt_megastairs_2
Lair:5:   cheibrodos_lair_end_hotspot, layout_regular_city,
          nicolae_slime_entry_field_trip, pdpol_lair_neglected_garden,
          serial_bayou_shore_a
Shoals:1: layout_shoals, nicolae_shop_gadgets
Shoals:2: layout_shoals, serial_shops, nicolae_shop_crystal
Shoals:3: layout_shoals, gammafunk_ghost_grave
Shoals:4: shoals_end_grunt_ice, layout_shoals, uniq_polyphemus
Snake:1:  layout_chambers, minmay_shoptagon, nicolae_triple_integral
Snake:2:  layout_misc_corridors, grunt_megastairs_3
Snake:3:  layout_rooms, ebering_ghost_reflecting_pool
Snake:4:  snake_pit_salamanders_mu, layout_cave_town, uniq_aizul, uniq_vashnia,
          uniq_louise, uniq_mara
Slime:1:  layout_caves, nicolae_slime_barrier, nicolae_slime_phagocytosis
Slime:2:  cheibrodos_slime_lost_civilization_3, layout_caves
Slime:3:  layout_caves, basic_altar
Slime:4:  layout_caves
Slime:5
Orc:1:    layout_diamond_mine, mines5_lemuel
Orc:2:    st_orc_elflike, layout_caves, ebering_ghost_disaster_area,
          serial_shops, shop_coins
Elf:1:    eino_elf_arrival_shootout, layout_loops_cross, mu_enter_wizlab_2,
          nicolae_shop_clearance, lemuel_upstairs_altar
Elf:2:    elven_hall_of_blades_hangedman_alternative
          [nicolae_blade_entry_area_security], layout_geoelf_grid,
          portal_ice_cave_entry_ice_simulacra, basic_altar
Elf:3:    elf_hall_gauntlet_wide, layout_geoelf_diagonals, uniq_saint_roka
Vaults:1: v_alt_pattern_4, grunt_vaults_swirl, vaults_dpeg_diagonal,
          nicolae_vaults_circle_grid_a, v_misc_27, vaults_standard_mumra_lines,
          nicolae_vaults_little_squares_1, vaults_standard_mumra_x,
          nicolae_vaults_three_branches, vaults_dpeg_hooks, st_smaller_cells,
          v_misc_3, layout_vaults_ring, serial_shops, shop, uniq_asterion
Vaults:2: v_rooms_3, vaults_mumra_hex, vaults_room_ringed_pool,
          nicolae_vaults_network_s, nicolae_vaults_specimen_jars,
          nicolae_vaults_little_squares_4, vaults_dpeg_emergency_exit,
          grunt_vaults_diagonal, layout_vaults_maze_snakey, uniq_mennas,
          uniq_frederick
Vaults:3: minmay_crypt_entry_skeletal_spiral, vaults_room_corners,
          nicolae_vaults_mini_display_case, dpeg_vaults_monster_box, st_cells,
          nicolae_vaults_ring_of_whatevers, layout_vaults_omnigrid,
          serial_shops, bzr_entry_safe
Vaults:4: nicolae_vaults_network_barrier, nicolae_vaults_stairing_the_circle,
          nicolae_vaults_quadrants, v_pattern_2, v_misc_29,
          ontoclasm_vaults_ring_small, vaults_mumra_minichess,
          grunt_vaults_focal, ontoclasm_vaults_idyll, ontoclasm_vaults_twist,
          nicolae_vaults_alarming, layout_vaults_big_room, serial_shops,
          nicolae_shop_hallway_stairs
Vaults:5
Depths:1: kennysheep_windowed_halls, layout_cave_pools, enter_ziggurat_c,
          tso_altar, hell_entry, serial_shops, nicolae_shop_overgrown_old_shop,
          abyss_entry, minmay_stone_trees_small, nicolae_ashenzari_panopticon
Depths:2: hangedman_elemental_death_ray, layout_cave_pools, grunt_metal_band,
          trog_three_pillars_becter, pan_entry, uniq_bai_suzhen, uniq_josephina,
          uniq_nikola
Depths:3: due_jory_tower, layout_gridlike, pf_coc_iceberg, serial_shops,
          statue_bzr, nicolae_diamond_shop, shop, nicolae_shop_advertising_works
          [nicolae_subvault_shop_adworks], nicolae_shop_overgrown_old_shop,
          abyss_entry, grunt_ministairs_12, infiniplex_staircase_star,
          serial_bayou_shore_b, uniq_margery
Depths:4: evilmike_zot_entry_basic, layout_cave_shapes, minmay_misc_feat_room,
          hellmouth_3, uniq_vv, uniq_boris
Zot:1:    grunt_deathspiral_small, layout_onion_interference,
          hangedman_xom_zot_hilarity
Zot:2:    layout_basic
Zot:3:    layout_gridville, ebering_ghost_inner_flame
Zot:4:    layout_misc_corridors, nzn_ghost_randoct
Zot:5:    layout_concentric_octagons

Skill      XL: |  1  2  3  4  5  6  7  8  9 10 11 12 13 14 15 16 17 18 19 20 21 22 23 24 |
---------------+-------------------------------------------------------------------------+-----
Maces & Flails | 2 3 4 5 7 9 10 13 14 16 | 16.0
Fighting       | 3 4 5 6 8 9 11 13 15 16 18 20 21 23 | 23.2
Armour         | 7 9 13 16 18 20 22 | 22.4
Dodging        | 3 4 7 9 |  9.0
Invocations    | 6 9 12 | 12.0
Shields        | 5 7 12 15 17 20 21 | 21.0
Evocations     | 5 9 11 12 | 12.0
Throwing       | 4 6 9 12 13 | 13.5

Action                     |  1- 3 |  4- 6 |  7- 9 | 10-12 | 13-15 | 16-18 | 19-21 | 22-24 | 25-27 || total
---------------------------+-------+-------+-------+-------+-------+-------+-------+-------+-------++-------
  Melee: Flail             |    98 |   139 |    38 |       |       |       |       |       |       ||   275
         Tailslap          |    15 |    23 |    54 |   125 |   160 |   163 |   206 |   295 |    10 ||  1051
         Mace              |       |       |   362 |    54 |       |       |       |       |       ||   416
         Morningstar       |       |       |       |   221 |       |       |       |       |       ||   221
         Eveningstar       |       |       |       |   387 |  1108 |  1132 |  1098 |  1423 |    33 ||  5181
         Unarmed           |       |       |       |       |       |       |       |     3 |       ||     3
  Throw: Dart              |       |       |       |     2 |       |       |       |       |       ||     2
         Javelin           |       |       |       |     2 |     3 |     2 |       |    15 |       ||    22
         Boomerang         |       |       |       |       |       |       |       |     7 |       ||     7
         Throwing net      |       |       |       |       |       |       |       |     1 |       ||     1
 Invoke: Heroism           |       |     3 |    12 |    21 |    14 |    10 |     7 |    11 |     1 ||    79
         Finesse           |       |       |       |     5 |     3 |     5 |     4 |     7 |       ||    24
         Duel              |       |       |       |       |       |       |       |     1 |       ||     1
  Evoke: Wand              |       |       |       |     3 |    14 |       |       |     3 |       ||    20
         Condenser vane    |       |       |       |     1 |     1 |       |       |     2 |       ||     4
         Phial of floods   |       |       |       |       |       |     1 |       |       |       ||     1
         Tin of tremorston |       |       |       |       |       |     1 |     2 |     3 |       ||     6
    Use: Scroll            |     1 |       |    13 |    19 |    13 |     3 |     9 |    14 |       ||    72
         Potion            |       |     3 |       |     7 |       |     1 |     3 |    12 |       ||    26
   Stab: Confused          |       |       |       |     2 |       |       |       |       |       ||     2
         Paralysed         |       |       |       |     1 |       |       |       |       |       ||     1
         Petrified         |       |       |       |       |       |     4 |       |       |       ||     4
         Distracted        |       |       |       |       |       |     2 |       |     1 |       ||     3
         Held in net/web   |       |       |       |       |       |       |       |     1 |       ||     1
 Armour: Scale mail        |    69 |    93 |   193 |       |       |       |       |       |       ||   355
         Chain mail        |       |       |    27 |   110 |       |       |       |       |       ||   137
         Plate armour      |       |       |       |   183 |   846 |   654 |   717 |  1208 |    28 ||  3636
         Skin              |       |       |       |     6 |       |       |       |       |       ||     6
         Ring mail         |       |       |       |    29 |   170 |       |       |       |       ||   199
         Crystal plate arm |       |       |       |       |       |   254 |       |       |       ||   254
  Dodge: Dodged            |    33 |    71 |   120 |   157 |   256 |   217 |   210 |   335 |     5 ||  1404
  Block: Buckler           |    16 |    47 |    67 |   119 |   297 |    24 |       |       |       ||   570
         Kite shield       |       |       |       |       |       |   911 |   960 |  1449 |    36 ||  3356

Table legend: (Time is in decaauts)
 A = Elapsed time spent in this place.
 B = Non-inter-level travel time spent in this place.
 C = Inter-level travel time spent in this place.
 D = Time resting spent in this place.
 E = Time spent auto-exploring this place.
 F = Levels seen in this place.
 G = Mean time per level.
                   A        B        C        D        E       F      G
               +--------+--------+--------+--------+--------+-----+--------+
         Total |  49690 |  45637 |   4053 |   4476 |  29412 |  64 |  776.4 |
       Dungeon |  15848 |  14399 |   1449 |   2131 |   9579 |  15 | 1056.5 |
          Lair |   5683 |   5074 |    609 |     88 |   3962 |   5 | 1136.6 |
        Shoals |   3102 |   2874 |    228 |      0 |   1967 |   4 |  775.5 |
     Snake Pit |   4102 |   3858 |    244 |    195 |   2726 |   4 | 1025.5 |
    Slime Pits |    728 |    655 |     73 |     83 |    215 |   5 |  145.6 |
  Orcish Mines |   1688 |   1467 |    221 |    218 |    885 |   2 |  844.0 |
   Elven Halls |   2781 |   2559 |    222 |     95 |   1744 |   3 |  927.0 |
        Vaults |   5898 |   5477 |    421 |      2 |   3875 |   5 | 1179.6 |
        Depths |   4642 |   4161 |    481 |    240 |   2626 |   4 | 1160.5 |
           Zot |   1896 |   1795 |    101 |    456 |    597 |   5 |  379.2 |
         Abyss |    376 |    376 |      0 |     25 |    104 |   4 |   94.0 |
      Ziggurat |     18 |     18 |      0 |      0 |      8 |   1 |   18.0 |
        Bazaar |    103 |    103 |      0 |      0 |     84 |   2 |   51.5 |
       Ossuary |    501 |    501 |      0 |    181 |    152 |   1 |  501.0 |
        Bailey |   1012 |   1012 |      0 |    584 |    197 |   1 | 1012.0 |
      Ice Cave |    636 |    636 |      0 |      0 |    387 |   1 |  636.0 |
      Gauntlet |    649 |    649 |      0 |    177 |    303 |   1 |  649.0 |
         Arena |     17 |     17 |      0 |      0 |      0 |   1 |   17.0 |
               +--------+--------+--------+--------+--------+-----+--------+

Top non-repeatable levels by time:
    D:10: 2157 daAuts
     D:7: 1749 daAuts
Depths:3: 1552 daAuts
  Lair:5: 1512 daAuts
     D:6: 1376 daAuts
Vaults:4: 1343 daAuts
 Snake:1: 1263 daAuts
Vaults:3: 1257 daAuts
Vaults:5: 1255 daAuts
 Snake:4: 1228 daAuts
Vaults:1: 1184 daAuts
     D:3: 1160 daAuts
   Elf:3: 1158 daAuts
Depths:2: 1151 daAuts
     D:5: 1143 daAuts
